 Dungeon Crawl Stone Soup version 0.22-a0-614-g34fbaa0 (webtiles) character file.

4536 EloyTheNewbi the Magician (level 10, -5/79 HPs)
             Began as a Gnoll Skald on July 14, 2018.
             Was an Elder of Okawaru.
             Slain by a troll (6 damage)
             ... on level 8 of the Dungeon.
             The game lasted 00:36:19 (9233 turns).

EloyTheNewbi the Magician (Gnoll Skald)             Turns: 9233, Time: 00:36:21

Health: -5/79      AC:  5    Str: 14    XL:     10   Next: 40%
Magic:  11/21      EV: 17    Int: 16    God:    Okawaru [****..]
Gold:   460        SH:  0    Dex: 15    Spells: 19/24 levels left

rFire    + . .     SeeInvis +   a - +0 long sword "Ruc Wian" {flame, SInv Stlth+}
rCold    . . .     Gourm    +   (no shield)
rNeg     + . .     Faith    .   o - +1 steam dragon scales
rPois    .         Spirit   .   (no helmet)
rElec    .         Reflect  .   (no cloak)
rCorr    .         Harm     .   (no gloves)
MR       .....                  (no boots)
Stlth    ++++......             j - amulet of the gourmand
HPRegen  0.23/turn              r - ring of protection from fire
MPRegen  0.17/turn              f - ring of positive energy

@: about to teleport, infused
A: distributed training, fangs 1, deformed body, shaggy fur 1, weak 1, wild
magic 1, strong nose
a: Heroism, Renounce Religion


You were on level 8 of the Dungeon.
You worshipped Okawaru.
Okawaru was greatly pleased with you.
You were very full.

You visited 2 branches of the dungeon, and saw 9 of its levels.

You collected 460 gold pieces.

Inventory:

Hand Weapons
 a - the +0 long sword "Ruc Wian" (weapon) {flame, SInv Stlth+}
   (You found it on level 6 of the Dungeon)

   It has been specially enchanted to burn those struck by it, causing extra
   injury to most foes and up to half again as much damage against particularly
   susceptible opponents.
   Big, fiery blades are also staple armaments of hydra-hunters.
   It lets you see invisible.
   It makes you more stealthy.
 p - a +2 flail of protection
 u - a +1 flail of crushing
Missiles
 c - 263 stones (quivered)
 x - 2 poisoned javelins
Armour
 o - +1 steam dragon scales (worn)
Jewellery
 f - a ring of positive energy (right hand)
 j - an amulet of the gourmand (around neck)
 k - an uncursed ring of see invisible
 r - a ring of protection from fire (left hand)
Wands
 l - a wand of enslavement (5)
 n - a wand of disintegration (32)
 y - a wand of polymorph (17)
Scrolls
 i - a scroll of teleportation
 t - a scroll of identify
 v - 2 scrolls of remove curse
Potions
 e - 3 potions of might
 g - a potion of haste
 h - a potion of flight
 q - 2 potions of cancellation
 s - a potion of ambrosia
 w - a potion of agility
Comestibles
 d - 20 rations


   Skills:
 + Level 7.4 Fighting
 + Level 5.7 Short Blades
 + Level 5.7 Long Blades
 + Level 5.7 Axes
 + Level 7.4 Maces & Flails
 + Level 5.7 Polearms
 + Level 5.7 Staves
 + Level 5.7 Slings
 + Level 5.7 Bows
 + Level 5.7 Crossbows
 + Level 5.7 Throwing
 + Level 6.3 Armour
 + Level 7.4 Dodging
 + Level 5.7 Stealth
 + Level 5.7 Shields
 + Level 5.7 Unarmed Combat
 + Level 7.7 Spellcasting
 + Level 4.7 Conjurations
 + Level 4.7 Hexes
 + Level 7.3 Charms
 + Level 4.7 Summonings
 + Level 4.7 Necromancy
 + Level 4.7 Translocations
 + Level 4.7 Transmutations
 + Level 4.7 Fire Magic
 + Level 4.7 Ice Magic
 + Level 4.7 Air Magic
 + Level 4.7 Earth Magic
 + Level 4.7 Poison Magic
 + Level 6.2 Invocations
 + Level 5.7 Evocations


You had 19 spell levels left.
You knew the following spells:

 Your Spells              Type           Power        Failure   Level  Hunger
a - Infusion              Chrm           ####         1%          1    None
b - Confusing Touch       Hex            ####..       3%          1    None
c - Spectral Weapon       Hex/Chrm       ####....     5%          3    ##.....

Your spell library contained the following spells:

 Spells                   Type           Power        Failure   Level  Hunger
 Apportation              Tloc           ####..       3%          1    None
 Summon Small Mammal      Summ           ####         3%          1    None
 Animate Skeleton         Necr           N/A          3%          1    None
 Regeneration             Chrm/Necr      ####......   5%          3    ##.....
 Shroud of Golubria       Chrm/Tloc      ####......   3%          2    None
 Song of Slaying          Chrm           #####...     1%          2    None


Dungeon Overview and Level Annotations

Branches:
Dungeon (8/15)             Temple (1/1) D:5            Lair (0/6) D:8

Altars:
Cheibriados
Dithmenos
Elyvilon
Fedhas
Gozag
Hepliaklqana
Kikubaaqudgha
Makhleb
Nemelex Xobeh
Okawaru
Qazlal
Ru
Sif Muna
Trog
Uskayaw
Vehumet
Xom
Yredelemnul
Zin
The Shining One


Innate Abilities, Weirdness & Mutations

Your experience applies equally to all skills.
You have very sharp teeth.
Your uncanny sense of smell can sniff out nearby items.
Armour fits poorly on your strangely shaped body.
You are covered in fur. (AC +1)
You are weak. (Str -2)
Your spells are a little harder to cast, but a little more powerful.


Message History

You swap places.
The troll closely misses your spectral weapon. x2
The troll claws your spectral weapon!
Your spectral weapon shares its damage with you!
Your spectral weapon fades away.
As you read the scroll of teleportation, it crumbles to dust.
You feel strangely unstable.
You hit the troll. You burn the troll. You bite the troll, but do no damage.
The troll is lightly wounded.
The troll bites you!
* * * LOW HITPOINT WARNING * * *
The troll closely misses you. The troll claws you!
* * * LOW HITPOINT WARNING * * *
You feel better. The troll closely misses you.
You riposte.
You hit the troll! You burn the troll. Your bite misses the troll.
The troll is moderately wounded.
The troll claws you!
* * * LOW HITPOINT WARNING * * *
The troll claws you.
You die...

≈≈.≈.≈..†#..........# .##
.≈≈≈≈≈h..#..........###..#
≈≈≈≈T≈≈..#..........##...#
≈≈≈h≈.≈≈≈#..........##...####
≈.≈.≈≈≈≈≈#.########..........
...≈;≈≈≈≈#.# ∆ #........#
.>..≈≈≈≈≈#.# ∆##..P..?.#
...≈≈≈≈≈≈#.### #......#...
.T.≈≈≈≈≈≈#.T@# ##.....# .
##### +....## +....# #.
##....###... ∆ #........... ∆
##.P...##... ∆#...........
##....[.#... #...#..# ..


You could see a troll.

Vanquished Creatures
  The ghost of sirboomalot the Fighter, a novice DsFi of Ru (D:7)
  An unseen horror (D:6)
  The ghost of iishen the Conjurer, a novice DrCj of Vehumet (D:5)
  A wyvern (D:8)
  Menkaure (D:6)
  Edmund (D:6)
  Duvessa (D:7)
  2 phantoms (D:7)
  2 orc warriors (D:7)
  An ice beast (D:6)
  A sky beast (D:6)
  A wolf (D:8)
  3 ogres (D:5)
  2 centaurs
  2 bullfrogs (D:6)
  Dowan (D:7)
  3 scorpions (D:5)
  3 wights (D:7)
  A howler monkey (D:6)
  2 bullfrog zombies (D:6)
  8 hounds
  A quasit (D:6)
  2 jellies
  4 orc priests
  A centaur skeleton (D:5)
  2 iguanas
  5 orc wizards
  4 worker ants
  A hound skeleton (D:4)
  8 adders
  3 gnolls (D:7)
  An ooze (D:3)
  2 adder zombies
  3 worms
  5 leopard geckos
  14 orcs
  A ball python (D:1)
  7 giant cockroaches
  5 goblins
  6 hobgoblins
  11 jackals
  A quokka (D:7)
  4 bats
  8 frilled lizards
  A giant cockroach zombie (D:1)
  17 kobolds
  2 leopard gecko skeletons
  6 rats
164 creatures vanquished.

Vanquished Creatures (others)
  A plant (D:3)
  A spectral weapon (D:8)
2 creatures vanquished.

Grand Total: 166 creatures vanquished

Notes
Turn   | Place    | Note
-------+----------+-------------------------------------------
     0 | D:1      | EloyTheNewbi the Gnoll Skald began the quest for the Orb.
     0 | D:1      | Reached XP level 1. HP: 20/20 MP: 6/6
    76 | D:1      | Reached XP level 2. HP: 20/26 MP: 7/7
   575 | D:1      | Reached XP level 3. HP: 10/31 MP: 9/9
   577 | D:1      | Reached skill level 5 in Spellcasting
  1111 | D:2      | Learned a level 1 spell: Confusing Touch
  1115 | D:2      | Learned a level 3 spell: Spectral Weapon
  1242 | D:2      | Found a radiant altar of Vehumet.
  1307 | D:2      | Reached skill level 1 in Invocations
  1787 | D:2      | Reached skill level 1 in Short Blades
  1787 | D:2      | Reached skill level 1 in Long Blades
  1787 | D:2      | Reached skill level 1 in Axes
  1787 | D:2      | Reached skill level 1 in Polearms
  1787 | D:2      | Reached skill level 1 in Staves
  1787 | D:2      | Reached skill level 1 in Slings
  1787 | D:2      | Reached skill level 1 in Bows
  1787 | D:2      | Reached skill level 1 in Crossbows
  1787 | D:2      | Reached skill level 1 in Throwing
  1787 | D:2      | Reached skill level 1 in Stealth
  1787 | D:2      | Reached skill level 1 in Shields
  1787 | D:2      | Reached skill level 1 in Unarmed Combat
  1787 | D:2      | Reached skill level 1 in Evocations
  1889 | D:3      | Reached XP level 4. HP: 30/38 MP: 11/11
  1952 | D:3      | Found a glowing silver altar of Zin.
  2205 | D:3      | Reached XP level 5. HP: 46/46 MP: 12/14
  2206 | D:3      | Gained mutation: You do not regenerate when monsters are visible. [potion of mutation]
  2206 | D:3      | Gained mutation: You possess an exceptional clarity of mind. [potion of mutation]
  2927 | D:4      | Reached XP level 6. HP: 41/52 MP: 15/15
  3517 | D:4      | Reached skill level 5 in Armour
  3614 | D:5      | Entered Level 5 of the Dungeon
  3737 | D:5      | Found a staircase to the Ecumenical Temple.
  3791 | Temple   | Entered the Ecumenical Temple
  4060 | Temple   | Became a worshipper of Warmaster Okawaru
  4286 | D:5      | Reached XP level 7. HP: 43/58 MP: 16/16
  4652 | D:5      | Reached * piety under Okawaru
  5157 | D:5      | Reached XP level 8. HP: 62/65 MP: 18/18
  5181 | D:5      | Found a large runed door.
  5184 | D:5      | Found a large runed door.
  5185 | D:5      | Noticed iishen's ghost (novice DrCj)
  5211 | D:5      | Killed iishen's ghost
  5211 | D:5      | Reached ** piety under Okawaru
  5211 | D:5      | Reached skill level 5 in Invocations
  5883 | D:5      | You fall through a shaft!
  5982 | D:6      | Noticed Edmund
  6012 | D:6      | Killed Edmund
  6220 | D:6      | Got a fine long sword
  6221 | D:6      | Identified the cursed +0 long sword "Ruc Wian" {flame, SInv Stlth+} (You found it on level 6 of the Dungeon)
  6313 | D:6      | Lost mutation: You possess an exceptional clarity of mind. [potion of mutation]
  6313 | D:6      | Lost mutation: You do not regenerate when monsters are visible. [potion of mutation]
  6313 | D:6      | Gained mutation: You are weak. (Str -2) [potion of mutation]
  6313 | D:6      | Gained mutation: Your spells are a little harder to cast, but a little more powerful. [potion of mutation]
  6313 | D:6      | Gained mutation: Armour fits poorly on your strangely shaped body. [potion of mutation]
  6313 | D:6      | Gained mutation: You are covered in fur. (AC +1) [potion of mutation]
  6350 | D:6      | Reached *** piety under Okawaru
  6392 | D:6      | Reached XP level 9. HP: 71/71 MP: 19/19
  6585 | D:6      | Noticed Menkaure
  6595 | D:6      | Killed Menkaure
  6620 | D:6      | Reached skill level 5 in Short Blades
  6620 | D:6      | Reached skill level 5 in Long Blades
  6620 | D:6      | Reached skill level 5 in Axes
  6620 | D:6      | Reached skill level 5 in Polearms
  6620 | D:6      | Reached skill level 5 in Staves
  6620 | D:6      | Reached skill level 5 in Slings
  6620 | D:6      | Reached skill level 5 in Bows
  6620 | D:6      | Reached skill level 5 in Crossbows
  6620 | D:6      | Reached skill level 5 in Throwing
  6620 | D:6      | Reached skill level 5 in Stealth
  6620 | D:6      | Reached skill level 5 in Shields
  6620 | D:6      | Reached skill level 5 in Unarmed Combat
  6620 | D:6      | Reached skill level 5 in Evocations
  6878 | D:6      | Noticed an unseen horror
  6886 | D:6      | Killed an unseen horror
  6886 | D:6      | Received a gift from Okawaru
  7048 | D:7      | Noticed Dowan
  7052 | D:7      | Noticed Duvessa
  7063 | D:7      | Killed Duvessa
  7065 | D:7      | Killed Dowan
  7290 | D:7      | Noticed sirboomalot's ghost (novice DsFi)
  7306 | D:7      | Found a runed door.
  7351 | D:7      | Reached **** piety under Okawaru
  7369 | D:7      | Received a gift from Okawaru
  7563 | D:7      | Killed sirboomalot's ghost
  7563 | D:7      | Reached XP level 10. HP: 49/79 MP: 16/21
  8885 | D:7      | Found a shadowy altar of Dithmenos.
  9177 | D:8      | Found a staircase to the Lair.
  9233 | D:8      | HP: 1/79 [troll (11)]
  9233 | D:8      | Slain by a troll

Vault maps used:
D:1:      saegor_arrival_fortress, minmay_heptomino_h4
D:2:      marbit_many_paths
D:3:      lemuel_crystal_altar, first_ration, minmay_misc_feat_columns,
          serial_bayou_pond_c, lexackson_kobold_supper
D:5:      temple_pool_b, ebering_ghost_disaster_area, minmay_misc_feat_cross,
          kennysheep_generic_room_3
D:6:      uniq_edmund, uniq_menkaure
D:7:      hellmonk_ghost_happy_afterlife, grunt_dithmenos_shadows, uniq_duvessa
D:8:      kennysheep_little_box, cheibrodos_ashenzari_chains, erik_lair_island,
          blue_anna_alchemist, minmay_misc_feat_roman
Temple:   dpeg_five_rooms_temple

Skill      XL: |  1  2  3  4  5  6  7  8  9 |
---------------+----------------------------+-----
Spellcasting   | 5 6 7 |  7.7
Invocations    | 1 4 5 6 |  6.2
Short Blades   | 1 4 5 |  5.7
Long Blades    | 1 4 5 |  5.7
Axes           | 1 4 5 |  5.7
Polearms       | 1 4 5 |  5.7
Staves         | 1 4 5 |  5.7
Slings         | 1 4 5 |  5.7
Bows           | 1 4 5 |  5.7
Crossbows      | 1 4 5 |  5.7
Throwing       | 1 4 5 |  5.7
Stealth        | 1 4 5 |  5.7
Shields        | 1 4 5 |  5.7
Unarmed Combat | 1 4 5 |  5.7
Evocations     | 1 4 5 |  5.7
Fighting       | 6 7 |  7.4
Maces & Flails | 6 7 |  7.4
Armour         | 4 5 6 |  6.3
Dodging        | 6 7 |  7.4
Conjurations   | 3 4 |  4.7
Hexes          | 3 4 |  4.7
Charms         | 6 7 |  7.3
Summonings     | 3 4 |  4.7
Necromancy     | 3 4 |  4.7
Translocations | 3 4 |  4.7
Transmutations | 3 4 |  4.7
Fire Magic     | 3 4 |  4.7
Ice Magic      | 3 4 |  4.7
Air Magic      | 3 4 |  4.7
Earth Magic    | 3 4 |  4.7
Poison Magic   | 3 4 |  4.7

Action                   |  1- 3 |  4- 6 |  7- 9 | 10-12 || total
-------------------------+-------+-------+-------+-------++-------
Melee: Mace              |   146 |   172 |   136 |       ||   454
       Bite              |    12 |    17 |    51 |    18 ||    98
       Punch             |       |     3 |    11 |     5 ||    19
       Flail             |       |       |    46 |       ||    46
       Long sword        |       |       |   107 |   118 ||   225
Throw: Stone             |       |       |     4 |       ||     4
 Cast: Spectral Weapon   |     3 |       |     1 |     1 ||     5
       Infusion          |     1 |       |     6 |     3 ||    10
       Confusing Touch   |     1 |       |     2 |       ||     3
Invok: Heroism           |       |       |     1 |       ||     1
Evoke: Wand              |       |       |     2 |       ||     2
  Use: Scroll            |     6 |     6 |     4 |     4 ||    20
       Potion            |       |     2 |     8 |     2 ||    12
 Stab: Sleeping          |     1 |     3 |     6 |     1 ||    11
       Distracted        |       |       |       |     1 ||     1
  Eat: Chunk             |     3 |    21 |    11 |     5 ||    40
Armor: Leather armour    |    39 |     4 |       |       ||    43
       Steam dragon scal |       |    30 |    38 |    20 ||    88
Dodge: Dodged            |   151 |   118 |   210 |   113 ||   592
       Rpst.: Long sword |       |       |    25 |    42 ||    67

Table legend:
 A = Spawn XP
 B = Non-spawn XP
 C = Spawn XP percentage of total XP
 D = Spawn monster count
 E = Non-spawn monster count
 F = Spawn count percentage of total count
 G = Total turns spent on level
                    A         B        C        D         E        F      G
               +---------+---------+-------+---------+---------+-------+---------
         Total |       0 |    6361 |   0.0 |       0 |     164 |   0.0 |  9233
               +---------+---------+-------+---------+---------+-------+---------
           D:1 |       0 |      39 |   0.0 |       0 |      24 |   0.0 |   981
           D:2 |       0 |      39 |   0.0 |       0 |      20 |   0.0 |   832
           D:3 |       0 |      74 |   0.0 |       0 |      28 |   0.0 |   886
           D:4 |       0 |     193 |   0.0 |       0 |      15 |   0.0 |   915
           D:5 |       0 |    1395 |   0.0 |       0 |      23 |   0.0 |  1966
           D:6 |       0 |    1729 |   0.0 |       0 |      12 |   0.0 |  1136
           D:7 |       0 |    2231 |   0.0 |       0 |      32 |   0.0 |  2005
           D:8 |       0 |     661 |   0.0 |       0 |      10 |   0.0 |   209
               +---------+---------+-------+---------+---------+-------+---------
